 Dungeon Crawl Stone Soup version 0.23.2-33-g5129a83184 (webtiles) character file.

Game seed: 1964854318834039561

38 Folque the Digger (level 3, -1/28 HPs)
             Began as a Draconian Earth Elementalist on July 18, 2019.
             Slain by a goblin (5 damage)
             ... led by Robin
             ... on level 2 of the Dungeon.
             The game lasted 00:04:39 (1144 turns).

Folque the Digger (Draconian Earth Elementalist)    Turns: 1144, Time: 00:04:41

Health: -1/28      AC:  5    Str: 10    XL:     3   Next: 25%
Magic:  6/6        EV: 12    Int: 16    God:
Gold:   71         SH:  0    Dex: 11    Spells: 0/6 levels left

rFire    . . .     SeeInvis .   d - +0 club
rCold    . . .     Gourm    .   (no shield)
rNeg     . . .     Faith    .   (armour unavailable)
rPois    .         Spirit   .   (helmet restricted)
rElec    .         Reflect  .   (no cloak)
rCorr    .         Harm     .   (no gloves)
MR       .....                  (no boots)
Stlth    ++........             (no amulet)
HPRegen  0.09/turn              (no ring)
MPRegen  0.10/turn              (no ring)

@: no status effects
A: unfitting armour, cold-blooded, AC +5
a: no special abilities


You were on level 2 of the Dungeon.
You were very hungry.

You visited 1 branch of the dungeon, and saw 2 of its levels.

You collected 71 gold pieces.

Inventory:

Hand Weapons
 d - a +0 club (weapon)
Missiles
 b - 58 stones (quivered)
 h - 5 javelins
Scrolls
 a - a scroll of fear {unknown}
 e - 3 scrolls of remove curse {unknown}
 f - a scroll of teleportation {unknown}
 i - a scroll of identify {unknown}
 l - a scroll of magic mapping {unknown}
Potions
 g - a potion of curing {unknown}
 j - a potion of magic {unknown}
 k - a potion of ambrosia {unknown}
Comestibles
 c - 6 rations
 m - a chunk of flesh


   Skills:
 * Level 1.5 Fighting
 - Level 1.7 Dodging
 - Level 1.7 Stealth
 + Level 2.4 Spellcasting
 - Level 1.0 Transmutations
 + Level 3.6 Earth Magic


You couldn't memorise any spells.
You knew the following spells:

 Your Spells              Type           Power        Failure   Level  Hunger
a - Sandblast             Erth           ##....       4%          1    #......
b - Passwall              Tmut/Erth      #.......     12%         2    ###....
c - Stone Arrow           Conj/Erth      #.....       28%         3    ###....

Your spell library contained the following spells:

 Spells                   Type           Power        Failure   Level  Hunger
 Petrify                  Tmut/Erth      #.......     58%         4    #####..
 Lee's Rapid Deconstruct  Erth           ##........   77%         5    ######.


Dungeon Overview and Level Annotations

Branches:
Dungeon (2/15)

Altars:

Annotations:
D:2 Robin


Innate Abilities, Weirdness & Mutations

Your plain brown scales are hard. (AC +5)
You cannot fit into any form of body armour.
You are cold-blooded and may be slowed by cold attacks.


Message History

The goblin no longer looks unusually strong.
The goblin barely misses you. The goblin hits you.
You barely miss the goblin.
The goblin is severely wounded.
The goblin no longer looks unusually strong. x2
The goblin closely misses you. The goblin hits you.
You barely miss the goblin.
Your tail-slap misses the goblin.
The goblin is severely wounded.
The goblin hits you but does no damage. The goblin closely misses you.
Robin roars a battlecry!
The goblins go into a battle-frenzy!
The goblin hits you but does no damage. The goblin hits you.
* * * LOW HITPOINT WARNING * * *
You hit the goblin.
You kill the goblin!
The goblin no longer looks unusually strong.
Robin roars a battlecry!
The goblin goes into a battle-frenzy!
The goblin hits you.
You die...

..# # ######## #.#
.# # #.##.# #
###....#### #
#(รท........ #
#.#.###### #.#####
#(#.# #......
#)#.##############
#@#..............#
#g####.####.......
#g# #.# #.####.#
#g# #.# #.# #.#
#g# #.# #.# #.#
#g# #.# #.# #.#
#.# #.# #.# #.#
#.# #.# #.# #.#
#.. ...


You could see Robin and 4 goblins.

Vanquished Creatures
  A dart slug (D:1)
  A leopard gecko (D:1)
  4 giant cockroaches (D:1)
  5 goblins
  7 hobgoblins
  A ball python (D:1)
  3 bats (D:1)
  2 frilled lizards
  3 kobolds (D:1)
  5 rats
32 creatures vanquished.

Notes
Turn   | Place    | Note
-------+----------+-------------------------------------------
     0 | D:1      | Folque the Draconian Earth Elementalist began the quest for
                  | the Orb.
     0 | D:1      | Reached XP level 1. HP: 14/14 MP: 3/3
    92 | D:1      | Reached XP level 2. HP: 17/22 MP: 1/5
   194 | D:1      | Reached skill level 1 in Fighting
   380 | D:1      | Learned a level 2 spell: Passwall
   588 | D:1      | Reached XP level 3. HP: 25/28 MP: 6/6
  1062 | D:2      | Learned a level 3 spell: Stone Arrow
  1131 | D:2      | Noticed Robin
  1144 | D:2      | Slain by a goblin

Skill      XL: |  1  2 |
---------------+-------+-----
Fighting       | 1 |  1.5
Dodging        | |  1.7
Stealth        | |  1.7
Spellcasting   | |  2.4
Transmutations | |  1.0
Earth Magic    | |  3.6

Action                   || total
-------------------------++-------
Melee: Unarmed           ||    14
       Tailslap          ||    10
       Club              ||   103
 Cast: Sandblast         ||    10
 Stab: Sleeping          ||     3
Armor: Skin              ||    34
Dodge: Dodged            ||   108
